 Dungeon Crawl Stone Soup version 0.18-a0-1570-gf60b0ab (webtiles) character file.

216 angel3174 the Skirmisher (level 5, -1/34 HPs)
             Began as a Gargoyle Berserker on Mar 14, 2016.
             Was a Believer of Trog.
             Engulfed by a cloud of flame (15 damage)
             ... in a sewer.
             The game lasted 00:11:59 (2318 turns).

angel3174 the Skirmisher (Gargoyle Berserker)       Turns: 2318, Time: 00:11:59

Health: -1/34      AC: 16    Str: 22    XL:     5   Next: 93%
Magic:  5/5        EV: 10    Int:  7    God:    Trog [**....]
Gold:   100        SH:  3    Dex:  9    Spells: 0 memorised, 4 levels left

rFire  . . .     SeeInvis .     m - +0 hand axe (freeze)
rCold  . . .     Gourm    .     r - +0 scale mail
rNeg   + . .     Faith    .     (no shield)
rPois  ∞         Spirit   .     (no helmet)
rElec  +         Dismiss  .     (no cloak)
rCorr  .         Reflect  +     t - +1 pair of gloves
SustAt .         Harm     .     y - +2 pair of boots
MR     .....                    o - +3 amulet of reflection
Stlth  ..........               (no ring)
                                (no ring)

@: very slightly contaminated, not resistant to hostile enchantments, extremely
unstealthy
A: negative energy resistance 1, electricity resistance, unbreathing,
petrification resistance, rot immunity, AC +4
a: Berserk, Trog's Hand, Burn Spellbooks, Renounce Religion


You were in a sewer.
You worshipped Trog.
Trog was pleased with you.
You were not hungry.

You visited 1 branch of the dungeon, and saw 3 of its levels.
You also visited: Sewer.

You collected 100 gold pieces.

Inventory:

Hand Weapons
 a - a +0 mace
 m - a +0 hand axe of freezing (weapon)
Missiles
 h - 8 arrows of frost
 i - 10 javelins (quivered)
 k - 70 arrows
 l - 23 poisoned needles
 s - 14 bolts
Armour
 r - a +0 scale mail (worn)
 t - a +1 pair of gloves (worn)
 y - a +2 pair of boots (worn)
Jewellery
 o - a +3 amulet of reflection (around neck)
Scrolls
 d - 2 scrolls of fear
Potions
 j - a potion of degeneration
 n - a potion of agility {unknown}
 x - a potion of ambrosia {unknown}
 z - a potion of might {unknown}
Comestibles
 b - a slice of pizza
 c - 5 bread rations
 f - 3 meat rations


   Skills:
 * Level 4.4 Fighting
 * Level 0.8(2.3) Axes
 + Level 3.8(3.9) Maces & Flails
 + Level 0.6 Throwing
 * Level 3.0 Armour
 * Level 3.1 Dodging


You had 4 spell levels left.
You didn't know any spells.

Dungeon Overview and Level Annotations

Branches:
Dungeon (3/15)

Altars:
Dithmenos
Gozag
Kikubaaqudgha


Innate Abilities, Weirdness & Mutations

You are resistant to torment.
Your stone body is resilient (AC +4).
You are immune to poison.
You resist negative energy.
You are resistant to electric shocks.
You can survive without breathing.
You are immune to petrification.
You are immune to rotting.


Message History

As you read the scroll labeled LEMNOU IGEDO, it crumbles to dust.
The creatures around you are filled with an inner flame!
It was a scroll of immolation.
As you read the scroll labeled ETSIOFR HICW, it crumbles to dust.
It is a scroll of amnesia.
You feel forgetful for a moment.
Blink to where?
Press: ? - help, Dir - move target cursor You are very lightly contaminated with residual magic.
As you read the scroll labeled REBYSUMECU, it crumbles to dust.
It was a scroll of blinking.
You hit the giant gecko. You freeze the giant gecko.
The giant gecko explodes!
The fiery explosion engulfs you!
Ouch! That really hurt!
Trog accepts your kill.
You hear a splash.
Your Armour skill increases to level 3!
You are engulfed in roaring flames.
You die...

########≈
########@§§≈.≈≈≈
#.∩.∩§..§§§≈≈≈≈≈
########§§§.≈≈≈.
########.


There were no monsters in sight!

Vanquished Creatures
  The ghost of trelanon the Ruffian, an amateur GrMo (D:3)
  2 adders (D:2)
  An ooze (D:2)
  4 worms
  A dart slug (D:2)
  2 giant geckos
  2 orcs (D:2)
  4 bats
  6 giant cockroaches
  7 goblins
  7 hobgoblins
  8 jackals (D:2)
  A quokka (D:2)
  4 giant newts
  6 kobolds
  6 rats
62 creatures vanquished.

Notes
Turn   | Place    | Note
--------------------------------------------------------------
     0 | D:1      | angel3174 the Gargoyle Berserker began the quest for the Orb.
     0 | D:1      | Reached XP level 1. HP: 14/14 MP: 1/1
   209 | D:1      | Reached XP level 2. HP: 14/19 MP: 2/2
   721 | D:2      | Reached XP level 3. HP: 19/24 MP: 3/3
   806 | D:2      | Reached ** piety under Trog
   838 | D:2      | Reached skill level 4 in Fighting
  1025 | D:2      | Found an opulent altar of Gozag.
  1391 | D:2      | Reached XP level 4. HP: 29/29 MP: 4/4
  1857 | D:3      | Found a faded altar to an unknown god.
  1894 | D:3      | Found an ancient bone altar of Kikubaaqudgha.
  1913 | D:3      | Noticed trelanon's ghost (amateur GrMo)
  1944 | D:3      | Killed trelanon's ghost
  1944 | D:3      | Reached XP level 5. HP: 34/34 MP: 5/5
  2181 | D:3      | Found a shadowy altar of Dithmenos.
  2270 | D:3      | Found a glowing drain.
  2275 | Sewer    | Entered a sewer
  2318 | Sewer    | Engulfed by a cloud of flame

Vault maps used:
D:1:      grunt_arrival_lava_bath, minmay_misc_feat_pillars
D:2:      minmay_misc_feat_tower, grunt_gozag_statues
D:3:      lemuel_crystal_altar, nicolae_dithmenos_shadow_blocks,
          ecumenical_altar_1, portal_sewer_entry_e, first_bread, minivault_4,
          hangedman_decor_diamond_cutter
Sewer:    sewer_frog_island_01

Skill      XL: |  1  2  3  4  5 |
---------------+----------------+-----
Fighting       | 4 |  4.4
Dodging        | 3 |  3.1
Armour         | 3 |  3.0
Axes           | |  0.8
Maces & Flails | |  3.8
Throwing       | |  0.6

Action                   |  1- 3 |  4- 6 || total
-------------------------+-------+-------++-------
Melee: Mace              |    66 |       ||    66
       Hand axe          |    55 |    72 ||   127
Throw: Javelin           |     1 |     3 ||     4
Invok: Berserk           |       |     1 ||     1
       Trog's Hand       |       |     1 ||     1
  Use: Scroll            |     7 |     3 ||    10
  Eat: Chunk             |     2 |     1 ||     3
       Meat ration       |       |     1 ||     1
